AoeStats
← RyanKW90

Four Lakes

509216092Analyzed
1v1 RM · 8d ago on Sep 25, 2026· 33m 41s· 2 players
Game mode
Random Map
Map size
Tiny (2 player)
Population
200
Speed
Normal
Resources
Standard
Victory
Conquest
Starting age
Dark Age
Ending age
Imperial Age
RankedLock teamsTeams togetherTeam positionsShared explorationLock speedFull tech treeHidden civsTurbo modeCheats
Victory
Defeat
🇬🇧 Varangians · United Kingdom
912
+17
🇮🇳 Magyars · India
942
-17
RyanKW90
11:26 Feudal Age
12:09 Double-Bit Axe
16:16 Castle Age
15:23 Fishing Lines
17:18 Gillnets
18:07 Stone Mining
18:30 Bow Saw
20:19 Forging
20:16 Scale Barding Armor
24:32 Gold Mining
25:31 Chain Barding Armor
25:12 Scale Mail Armor
26:25 Bloodlines
26:16 Husbandry
27:49 Light Cavalry
30:23 Iron Casting
33:11 Imperial Age
Peaceful Dota Player
7:23 Loom
10:24 Feudal Age
10:58 Double-Bit Axe
20:03 Castle Age
18:03 Man-at-Arms
18:30 Arson
19:15 Stone Mining
20:28 Scale Mail Armor
22:56 Murder Holes
25:14 Fletching
29:13 Ballistics
Connection lost

Rejoining the realm…

Still unreachable

The connection could not be restored.

Session expired

The server has moved on; the page needs a fresh start.